Arrhythmia, chaotic female vampiric Convict -- -- ------ --.----- ----- --- ---- --.--.|..---- --- |......| |....---.---..| |...........---..| |....| - --- --............-- |................-- ------.|.| |..-- |............-- --- -................| ---- -.|.---|.| |...-- |........--..| |. -----..-.........---|..| ....|.|^| -...| --. --.)-|---- |.- --.(............--..--- |......-- --..| ---.....-- |.| |..........-- ........| --......-- |.-- ---.|.%..-- |.| |.....--...| - ......| --.......-- |.| |...|.....| |.| ---. |.....|--..| -....-- --..*......--- |.--- ---.........| |.| |>.| 0|...---|...---- |....| |............| |...| |.........--- --.. |..----...(%---.%<...----..------.-..........| ---.---.--......| |..-. .-%.......).....).()...*)).)........_........| |.....|---....| --...-----......--......---..----...-----d@....--...| |..---- |....-- ---......|.....---|......-- |..| |..-- --.--.-- ---- ---- |.....---........|.|....| |.....-- ---- ---- ------ |......^...........|...-- ---...- |.............-------.-- |.... --.--.----.|.-- --- ---..| ------ ----- ---- Arrhythmia the Jail-bird Experience level: 7 Strength: 18 Dexterity: 12 Constitution: 20 Intelligence: 11 Wisdom: 6 Charisma: 8 Health: 0(74) Energy: 34(34) AC: 1 Gold: 248 Moves: 3209 Your Inventory: Coins $ - 248 gold pieces Armor e - an [uncursed] +0 Hawaiian shirt of displacement (being worn) i - an [uncursed] rusty +0 hard hat [dwarvish iron helm] (being worn) k - an [uncursed] +0 dwarvish mithril-coat of displacement (being worn) l - an [uncursed] +0 pair of hard shoes [iron] (being worn) z - an [uncursed] +0 mummy wrapping (being worn) Scrolls s - 4 [uncursed] unlabeled scrolls [of blank paper] Tools f - an [uncursed] bag [sack] h - an [uncursed] skeleton key Iron balls c - an [uncursed] heavy iron ball (chained to you) Contents of the sack: 302 gold pieces an uncursed +0 striped shirt an [uncursed] Hot Futa Mare Dick named Warm and squishy an [uncursed] scroll labeled ACHAT SHTAYIM SHALOSH [of scare monster] an [uncursed] clear potion [of water] an [uncursed] indigo potion [of confusion] an [uncursed] muddy potion [of sickness] an [uncursed] ochre potion [of speed] an [uncursed] swirly potion [of booze] an [uncursed +1] mithril ring [of gain dexterity] an [uncursed] wooden ring [of poison resistance] an [uncursed wax] candle an [uncursed] green gem [worthless glass] Spells known in the end: Name Level Category Fail Memory Your skills at the end: Fighting Skills Weapon Skills sling [Basic / Skilled] Spellcasting Skills Final Attributes: You were piously aligned. Hunger level was -78. Your alignment was 24 / 26. Monster difficulty range was 1 - 6. Level difficulty was 6. You were immune to poison. You were immune to level-drain. You were immune to sickness. You were punished. You were displaced. You could fly. You could survive without air. You regenerated. You were unlucky (-3). Tymora was angry with you (1). You are dead. Vanquished creatures: an orc mummy a dingo a housecat a dust vortex a gnome mummy 2 ponies 2 fog clouds a yellow light 2 gnome lords a gnomish wizard a kobold mummy a red naga hatchling a gray ooze a paper golem 2 giant ants a floating eye 3 dwarves a giant bat an iguana an acid blob 2 hobbits a hobgoblin 2 yellow molds 27 gnomes a gnome zombie 4 geckos 3 jackals a kobold a goblin a sewer rat 7 grid bugs 4 bats 2 lichens 5 newts 87 creatures vanquished. Voluntary challenges: You went without food. You were illiterate. You never hit with a wielded weapon. You put on armor 6 times. You never genocided any monsters. You never polymorphed an object. You never changed form. You used no wishes. You abstained from Elbereth's help. You never encountered a bones level. You never used any Sokoban shortcuts. Dungeon overview: The Dungeons of Doom: levels 1 to 6 Level 1 a fountain a long staircase Level 2 a potion shop, some fountains Level 4 a general store, a fountain stairs to The Gnomish Mines The Gnomish Mines: levels 5 to 6 Level 5 stairs to The Dungeons of Doom Level 6 <- You were here History has recorded: On T:1 you entered the Dungeons of Doom to retrieve the Amulet of Yendor! On T:334 you advanced to experience level 2. On T:357 you reached level 2 of The Dungeons of Doom. On T:742 you advanced to experience level 3. On T:887 you reached level 3 of The Dungeons of Doom. On T:1051 you advanced to experience level 4. On T:1189 you reached level 4 of The Dungeons of Doom. On T:1361 you reached level 1 of The Gnomish Mines. On T:1387 you advanced to experience level 5. On T:1566 you advanced to experience level 6. On T:1994 you reached level 5 of The Dungeons of Doom. On T:2328 you reached level 6 of The Dungeons of Doom. On T:2339 you advanced to experience level 7. On T:2763 you reached level 2 of The Gnomish Mines. Latest messages: You faint from lack of food. [HP-9=24] The dog bites! [HP-1=23] The dog bites! [HP-3=20] The dog bites! (2x) [HP-6=14] The dog bites! [HP-2=12] The dog bites! [HP-2=10] The dog misses. The dog just misses! [HP+1=11] The dog bites! (2x) [HP-1=10] The dog bites! (2x) [HP-4=6] The dog bites! [HP-3=3] The dog bites! You die... Final status: Goodbye Arrhythmia the Convict... You died in The Gnomish Mines on dungeon level 6 with 3757 points, and 550 pieces of gold, after 3209 moves. You were level 7 with a maximum of 74 hit points when you died.